 Dungeon Crawl Stone Soup version 0.29.0-11-gd7f09526c8 (webtiles) character file.

Game seed: 8352372901398944603

1801 Tiocfaidh the Thaumaturge (level 8, -2/58 HPs)
             Began as a Purple Draconian Ice Elementalist on Sept 3, 2022.
             Was a Follower of Sif Muna.
             Slain by a wyvern zombie (7 damage)
             ... in an ossuary.
             The game lasted 00:31:03 (3757 turns).

Tiocfaidh the Thaumaturge (DrIE)                    Turns: 3757, Time: 00:31:03

Health: -2/58      AC: 13    Str:  6    XL:     8   Next: 83%
Magic:  20/20      EV: 12    Int: 25    God:    Sif Muna [*.....]
Gold:   169        SH:  0    Dex: 12    Spells: 20/24 levels left

rFire   . . .      SeeInvis .   d - +1 short sword (vamp)
rCold   . . .      Faith    .   (no shield)
rNeg    . . .      Spirit   .   (body armour unavailable)
rPois   .          Reflect  .   (helmet restricted)
rElec   .          Harm     +   k - +2 cloak
rCorr   .          Rampage  .   (no gloves)
Will    ++...                   (no boots)
Stlth   +.........              r - amulet of Mizxooxoxi {RegenMP Harm Str-5 Int+8 Stlth-}
HPRegen 0.19/turn               g - +4 ring of protection
MPRegen 0.57/turn               n - ring of willpower

@: freezing walls, flying
A: breathe power, AC +6, unfitting armour, cold-blooded
a: Breathe Dispelling Energy, Renounce Religion, Channel Magic


You were in an ossuary.
You worshipped Sif Muna.
Sif Muna was aware of your devotion.
You visited 1 branch of the dungeon, and saw 5 of its levels.
You also visited: Ossuary.

You collected 193 gold pieces.
You spent 24 gold pieces at shops.

Inventory:

Hand Weapons
 d - a +1 vampiric short sword (weapon)
Armour
 k - a +2 cloak (worn)
Jewellery
 g - a +4 ring of protection (left hand)
 n - a ring of willpower (right hand)
 r - the amulet of Mizxooxoxi (around neck) {RegenMP Harm Str-5 Int+8 Stlth-}
   (You found it on level 3 of the Dungeon)

   [amulet of magic regeneration]

   It increases your rate of magic regeneration.
   Str:       It affects your strength (-5).
   Int:       It affects your intelligence (+8).
   Harm:      It increases damage dealt and taken.
   Stlth:     It makes you less stealthy.
 t - a ring of protection from cold
Scrolls
 c - 2 scrolls of blinking
 f - a scroll of torment {unknown}
 l - a scroll of silence
 o - a scroll of enchant armour {unknown}
 p - a scroll of magic mapping
 s - a scroll of enchant weapon {unknown}
 u - 2 scrolls of amnesia
 v - a scroll of teleportation {unknown}
Potions
 a - a potion of magic
 b - 4 potions of brilliance
 e - 2 potions of flight
 h - a potion of ambrosia {unknown}
 j - 2 potions of lignification {unknown}
 m - 2 potions of mutation {unknown}
 q - a potion of berserk rage {unknown}
 w - a potion of degeneration {unknown}


   Skills:
 + Level 0.7 Fighting
 + Level 1.2 Short Blades
 + Level 3.0 Dodging
 + Level 3.7 Stealth
 + Level 8.8 Spellcasting
 + Level 8.1 Ice Magic


You had 20 spell levels left.
You knew the following spells:

 Your Spells              Type           Power      Damage    Failure   Level
a - Freeze                Ice            100%       1d11      1%          1
b - Frozen Ramparts       Ice            100%       1d16      1%          3

Your spell library contained the following spells:

 Spells                   Type           Power      Damage    Failure   Level
 Ozocubu's Armour         Ice            51%        N/A       1%          3
 Beastly Appendage        Tmut           22%        N/A       5%          1
 Foxfire                  Conj/Fire      44%        2x1d6     5%          1
 Shock                    Conj/Air       44%        1d5       5%          1
 Sting                    Tmut/Pois      44%        1d5       5%          1
 Poisonous Vapours        Pois/Air       22%        N/A       9%          2
 Wereblood                Tmut           11%        N/A       9%          2
 Hailstorm                Conj/Ice       31%        3d8       11%         4
 Conjure Flame            Conj/Fire      11%        6-21      17%         3
 Inner Flame              Hex/Fire       11%        N/A       17%         3
 Spider Form              Tmut/Pois      11%        N/A       17%         3
 Swiftness                Air            11%        N/A       17%         3
 Tukima's Dance           Hex            11%        N/A       17%         3
 Airstrike                Air            5%         2d(1-17)  50%         4
 Flame Wave               Conj/Fire      11%        2d6       50%         4
 Olgreb's Toxic Radiance  Pois           11%        N/A       50%         4
 Passage of Golubria      Tloc           11%        N/A       50%         4
 Yara's Violent Unravell  Hex/Tmut       5%         3d4       83%         5


Dungeon Overview and Level Annotations

Branches:
Dungeon (5/15)             Temple (0/1) D:5         Ossuary (1/1)

Altars:
Sif Muna
The Shining One

Shops:
D:3 *   D:5 *=[


Innate Abilities, Weirdness & Mutations

You can breathe bolts of dispelling energy.
Your rich purple scales are hard. (AC +6)
You cannot fit into any form of body armour.
You are cold-blooded and may be slowed by cold attacks.


Message History

Press: ? - help, Q - select action, (/) - cycle Shift-Dir - straight line, f - wyvern zombie
Aim: a wyvern zombie (moderately damaged)
You freeze the wyvern zombie.
The wyvern zombie resists.
The wyvern zombie is moderately damaged.
The wyvern zombie completely resists.
The wall freezes the wyvern zombie but does no damage.
The wyvern zombie bites you.
You barely miss the wyvern zombie.
The wyvern zombie is moderately damaged.
The wyvern zombie resists.
The wall freezes the wyvern zombie.
The wyvern zombie bites you but does no damage.
You barely miss the wyvern zombie.
The wyvern zombie is moderately damaged.
The wyvern zombie resists.
The wall freezes the wyvern zombie.
The wyvern zombie closely misses you.
A bog mummy comes into view.
The wyvern zombie resists.
The wall freezes the wyvern zombie.
The wyvern zombie barely misses you.
You hit the wyvern zombie but do no damage.
The wyvern zombie is heavily damaged.
The wyvern zombie resists.
The wall freezes the wyvern zombie.
The wyvern zombie misses you.
You hit the wyvern zombie. You tail-slap the wyvern zombie.
The wyvern zombie is heavily damaged.
The wall freezes the wyvern zombie but does no damage.
The wyvern zombie bites you but does no damage.
You barely miss the wyvern zombie.
The wyvern zombie is heavily damaged.
The wyvern zombie resists.
The wall freezes the wyvern zombie.
The wyvern zombie bites you!
* * * LOW HITPOINT WARNING * * *
The wyvern zombie resists.
The wall freezes the wyvern zombie.
The wyvern zombie bites you.
* * * LOW HITPOINT WARNING * * *
It was a potion of flight.
You feel very buoyant.
You fly up into the air.
The wall freezes the wyvern zombie but does no damage.
The wyvern zombie bites you.
You die...

≈#≈#
#≈
~#~#
~~
P~P#M#
~~~.
.~~
##'##
#..Z#
#.∩@#
#..∩#
#####


You could see a wyvern zombie.

Vanquished Creatures
  Pikel (D:5)
  Grinder (D:5)
  Menkaure (D:5)
  A black bear (D:4)
  Duvessa (D:5)
  A necrophage (D:5)
  4 scorpions
  Dowan (D:5)
  4 hounds
  2 orc priests (D:4)
  2 iguanas (D:5)
  2 orc wizards (D:5)
  A killer bee zombie (Ossuary)
  2 mummies (Ossuary)
  9 adders
  A worm (D:4)
  2 dart slugs
  11 orcs
  3 endoplasms (D:1)
  3 giant cockroaches
  4 goblins
  9 hobgoblins
  10 jackals
  8 kobolds
  5 quokkas
  3 ball pythons
  8 bats
  7 frilled lizards
  4 rats
111 creatures vanquished.

Vanquished Creatures (others)
  10 fungi (D:5)
  2 withered plants (Ossuary)
12 creatures vanquished.

Grand Total: 123 creatures vanquished

Notes
Turn   | Place    | Note
-------+----------+-------------------------------------------
     0 | D:1      | Tiocfaidh the Draconian Ice Elementalist began the quest
                  | for the Orb.
     0 | D:1      | Reached XP level 1. HP: 14/14 MP: 3/3
   295 | D:1      | Reached XP level 2. HP: 20/20 MP: 0/5
   958 | D:2      | Reached XP level 3. HP: 26/26 MP: 4/6
   962 | D:2      | Learned a level 3 spell: Frozen Ramparts
  1599 | D:2      | Reached XP level 4. HP: 33/33 MP: 4/7
  1940 | D:3      | Identified the amulet of Mizxooxoxi {RegenMP Harm Str-5
                  | Int+8 Stlth-}
  1997 | D:3      | Found Feyfuira's Assorted Antiques.
  2064 | D:3      | Reached skill level 5 in Ice Magic
  2096 | D:3      | Reached skill level 1 in Short Blades
  2189 | D:3      | Reached XP level 5. HP: 38/38 MP: 7/9
  2375 | D:4      | Found a glowing golden altar of the Shining One.
  2488 | D:4      | Reached XP level 6. HP: 15/45 MP: 9/11
  2768 | D:4      | Found a shimmering blue altar of Sif Muna.
  2808 | D:4      | Became a worshipper of Sif Muna the Loreminder
  2983 | D:4      | Your scales start taking on a rich purple colour.
  2983 | D:4      | Reached skill level 5 in Spellcasting
  2983 | D:4      | Reached XP level 7. HP: 50/50 MP: 10/15
  3143 | D:5      | Entered Level 5 of the Dungeon
  3146 | D:5      | Noticed Menkaure
  3147 | D:5      | Found Qiave's General Store.
  3158 | D:5      | Killed Menkaure
  3166 | D:5      | Found Renenn's Antique Armour Emporium.
  3168 | D:5      | Bought a scroll of identify for 24 gold pieces
  3197 | D:5      | Found Ruvurr's Jewellery Shoppe.
  3361 | D:5      | Noticed Grinder
  3381 | D:5      | Noticed Pikel
  3390 | D:5      | Killed Pikel
  3391 | D:5      | Reached XP level 8. HP: 58/58 MP: 9/19
  3413 | D:5      | Killed Grinder
  3430 | D:5      | Found a staircase to the Ecumenical Temple.
  3430 | D:5      | Noticed Duvessa
  3470 | D:5      | Killed Duvessa
  3477 | D:5      | Noticed Dowan
  3491 | D:5      | Killed Dowan
  3619 | D:5      | Reached * piety under Sif Muna
  3673 | D:5      | Found a sand-covered staircase.
  3680 | Ossuary  | Entered an ossuary
  3757 | Ossuary  | Slain by a wyvern zombie

Illustrated notes

Levels and vault maps discovered:
D:1:      minmay_arrival_stair_chambers, layout_loops_ring, nicolae_eternal_life
D:2:      layout_basic, grunt_decor_cap
D:3:      layout_rooms, serial_shops, nicolae_shop_crystal
D:4:      layout_basic, mainiacjoe_overflow_large_starburst, minivault_25,
          serial_bayou_pond_e
D:5:      old_forge, layout_basic, chei_slow_surprise, minmay_temple_entry_mist,
          nicolae_ossuary_entry_monument, serial_shops, nicolae_shop_trees,
          nicolae_stop_n_shop_2, shop, shop, shop, hangedman_decor_peaks_small,
          kennysheep_generic_room_2, uniq_menkaure, uniq_grinder, uniq_duvessa,
          uniq_pikel
Ossuary:  ossuary_zaba_flooded

Skill      XL: |  1  2  3  4  5  6  7  8 |
---------------+-------------------------+-----
Dodging        | 2 3 |  3.0
Stealth        | 2 3 |  3.7
Ice Magic      | 5 6 7 8 |  8.1
Short Blades   | 1 |  1.2
Spellcasting   | 3 5 7 8 |  8.8
Fighting       | |  0.7

Action                   |  1- 3 |  4- 6 |  7- 9 || total
-------------------------+-------+-------+-------++-------
Melee: Dagger            |     1 |       |       ||     1
       Short sword       |    52 |    21 |    41 ||   114
       Tailslap          |     5 |     1 |     5 ||    11
       Punch             |     1 |       |       ||     1
 Cast: Freeze            |    26 |    37 |    40 ||   103
       Frozen Ramparts   |     1 |    14 |    12 ||    27
  Use: Scroll            |       |     6 |     3 ||     9
       Potion            |       |       |     1 ||     1
 Stab: Sleeping          |     4 |     2 |       ||     6
Armor: Skin              |    24 |    21 |    47 ||    92
Dodge: Dodged            |    45 |    21 |    50 ||   116
